 Dungeon Crawl Stone Soup version 0.30-a0-777-ga9a30cbeda (webtiles) character file.

Game seed: 10796311491965612949

3213 sanka the Martial Artist (level 9, -4/72 HPs)
             Began as a Merfolk Transmuter on Feb 14, 2023.
             Was an Elder of Ru.
             Slain by a spriggan
             ... wielding a +0 trident
              (13 damage)
             ... in a bailey.
             The game lasted 00:16:19 (7405 turns).

sanka the Martial Artist (Merfolk Transmuter)       Turns: 7405, Time: 00:16:20

Health: -4/72      AC:  6    Str: 11    XL:     9   Next: 97%
Magic:  12/12      EV: 20    Int: 12    God:    Ru [****..]
Gold:   418        SH:  0    Dex: 18    Spells: 6/12 levels left

rFire   . . .      SeeInvis .    E - +9 spear "Yphudamu" {elec, rC+}
rCold   + + .      Faith    +    (no shield)
rNeg    . . .      Spirit   .    L - +2 robe {rC+}
rPois   .          Reflect  .    G - +0 helmet
rElec   .          Harm     .    (no cloak)
rCorr   .          Rampage  .    w - +0 pair of gloves
Will    +....                    (boots currently unavailable) Stlth
                                 B - amulet of faith
HPRegen 1.12/turn                f - ring of wizardry
MPRegen 0.13/turn                e - ring of willpower

@: wereblooded, very quick
A: no stealth, inability to use devices, inability to train armour, nimble
swimmer 2, mertail, passive freeze, regeneration 1
a: Renounce Religion, Draw Out Power, Power Leap


You were in a bailey.
You worshipped Ru.
Ru was greatly pleased with you.
You visited 1 branch of the dungeon, and saw 8 of its levels.
You also visited: Bailey.

You collected 418 gold pieces.


Innate Abilities, Weirdness & Mutations

You cannot be stealthy.
You cannot study or use magical devices.
You cannot train Armour skill.
You are very nimble when in or above water. (Stealth+, EV+, Speed+++)
Your lower body shifts to a powerful aquatic tail in water.
A frigid envelope surrounds you and freezes all who hurt you.
Your natural rate of healing is unusually fast.


   Skills:
 + Level 7.0 Fighting
 + Level 7.4 Dodging
 + Level 10.6 Unarmed Combat
 - Level 2.0 Spellcasting
 - Level 8.0 Transmutations


You had 6 spell levels left.
You knew the following spells:

 Your Spells              Type           Power      Damage    Failure   Level
x - Spider Form           Tmut/Pois      10%        N/A       6%          3
y - Wereblood             Tmut           20%        N/A       1%          2
z - Beastly Appendage     Tmut           40%        N/A       1%          1

Your spell library contained the following spells:

 Spells                   Type           Power      Damage    Failure   Level
 Apportation              Tloc           2%         N/A       11%         1
 Ice Form                 Ice/Tmut       10%        N/A       21%         4
 Inner Flame              Hex/Fire       1%         N/A       32%         3
 Kindle Blastsparks       Fire/Tloc/Air  2%         2d10      32%         3
 Tukima's Dance           Hex            1%         N/A       32%         3
 Alistair's Intoxication  Tmut/Pois      6%         N/A       47%         5
 Yara's Violent Unravell  Hex/Tmut       5%         3d4       47%         5
 Airstrike                Air            0%         2d(1-17)  69%         4
 Animate Dead             Necr           1%         N/A       69%         4
 Flame Wave               Conj/Fire      1%         2d4       69%         4
 Fulminant Prism          Conj/Hex       0%         3d5       69%         4
 Iskenderun's Mystic Bla  Conj/Tloc      1%         2d3       69%         4
 Passage of Golubria      Tloc           1%         N/A       69%         4
 Sticky Flame             Conj/Fire      1%         2d3       69%         4
 Summon Lightning Spire   Summ/Air       1%         N/A       69%         4
 Borgnjor's Vile Clutch   Necr/Erth      0%         N/A       95%         5
 Lee's Rapid Deconstruct  Erth           0%         3d4*      95%         5
 Lightning Bolt           Conj/Air       0%         1d11      95%         5
 Summon Forest            Summ/Tloc      0%         N/A       95%         5
 Summon Mana Viper        Hex/Summ       1%         N/A       95%         5
 Death Channel            Necr           0%         N/A       100%        6
 Summon Cactus Giant      Summ           0%         N/A       100%        6

Inventory:

Hand Weapons
 d - a +2 scimitar of flaming
 E - the +9 spear "Yphudamu" (weapon) {elec, rC+} rC: It protects you from cold.
 F - the +1 war axe of Fokk {protect, rF+ rN+} rF: It protects you from fire. rN: It protects you from negative energy.
 K - the +7 long sword of the Valley of Death {speed, Str+4 Int+2 Dex-4 SInv}

   Str:       It affects your strength (+4).
   Int:       It affects your intelligence (+2).
   Dex:       It affects your dexterity (-4).
   SInv:      It lets you see invisible.
Missiles
 s - 6 curare-tipped darts {=f}
Armour
 w - a +0 pair of gloves (worn)
 y - a +1 pair of boots (melded)
 G - a +0 helmet (worn)
 L - a +2 robe of cold resistance (worn)
Jewellery
 c - a ring of magical power
 e - a ring of willpower (right hand)
 f - a ring of wizardry (left hand)
 j - a ring of resist corrosion
 n - an amulet of regeneration
 r - an amulet of guardian spirit
 z - a ring of ice
 B - an amulet of faith (around neck)
Scrolls
 g - 2 scrolls of brand weapon
 h - 3 scrolls of blinking
 k - 4 scrolls of fear
 m - 3 scrolls of teleportation {@r4}
 q - a scroll of magic mapping
 t - 2 scrolls of butterflies
 v - a scroll of enchant armour {unknown}
 J - 3 scrolls of poison {!r}
Potions
 b - 2 potions of lignification {!q}
 i - a potion of might {unknown}
 o - 4 potions of curing {@q1}
 u - 2 potions of attraction {unknown}
 x - a potion of magic {unknown}
 A - 2 potions of heal wounds {unknown}
 C - 2 potions of flight {unknown}
 D - a potion of invisibility {unknown}
 H - a potion of brilliance {unknown}
 I - a potion of haste {unknown}

Dungeon Overview and Level Annotations

Branches:
Dungeon (8/15)             Temple (0/1) D:7          Bailey (1/1)
   Lair: D:8-11

Altars:
Dithmenos
Kikubaaqudgha
Makhleb
Qazlal
Ru
Sif Muna
Trog
Yredelemnul
Zin

Annotations:
D:7 3 runed translucent doors, Athor's ghost, novice DECj

..▒ ▒.. ▒..♣
♣..▒
▒..♣▒▒▒▒▒▒..▒
▒.........▒
▒.......▒
▒Oi~O)▒ ▒~~~~~▒
▒▒▒~~m~~▒▒▒
▒▒.........▒▒
▒▒...........▒▒
▒....∩...∩....▒
▒▒...........▒▒
▒▒.........▒▒
▒▒▒.....▒▒▒
▒▒▒▒▒▒▒


You could see 2 ogres and a spriggan.


Message History

The ogre is lightly wounded.
You howl as the wereblood boils in your veins!
The spriggan hits you from afar with a +0 trident!
* * * LOW HITPOINT WARNING * * *
The ogre closely misses you.
It was a potion of curing.
The spriggan completely misses you. The ogre completely misses you.
Use which ability? (? or * to list)
Okay, then.
You reach to attack!
You hit the ogre. Lightning courses through the ogre!
The ogre is heavily wounded.
The spriggan splashes around in the water.
The ogre closely misses you. The ogre barely misses you.
You reach to attack!
You puncture the ogre!
The ogre is almost dead.
The spriggan hits you from afar with a +0 trident!
* * * LOW HITPOINT WARNING * * *
The ogre completely misses you. The spriggan closely misses you.
You reach to attack!
You barely miss the ogre.
The ogre is almost dead.
The ogre misses you.
The spriggan hits you from afar with a +0 trident!
You die...

Action                     |  1- 3 |  4- 6 |  7- 9 || total
---------------------------+-------+-------+-------++-------
  Melee: Unarmed           |   113 |   101 |   176 ||   390
         Headbutt          |    23 |       |       ||    23
         Punch             |     2 |       |     1 ||     3
         Spear             |       |       |    24 ||    24
   Cast: Beastly Appendage |    29 |       |       ||    29
         Spider Form       |     1 |    18 |    27 ||    46
         Wereblood         |       |     1 |     7 ||     8
 Invoke: Sacrifice Stealth |     1 |       |       ||     1
         Sacrifice Durabil |       |     1 |       ||     1
         Sacrifice Artific |       |       |     1 ||     1
    Use: Potion            |       |     2 |     1 ||     3
         Scroll            |       |       |     8 ||     8
   Stab: Distracted        |       |       |     2 ||     2
 Armour: Robe              |    14 |       |     4 ||    18
         Skin              |       |     3 |     3 ||     6
  Dodge: Dodged            |    70 |   100 |   179 ||   349

Levels and vault maps discovered:
D:1:      kilobyte_arrival_exit_the_forest, layout_basic,
          ebering_ecumenical_altar_webs, supply_closet_lemuel,
          grunt_decor_resistance
D:2:      layout_basic
D:3:      layout_basic, kiku_gazebo_pond_becter, minitemple, minmay_checkerbox,
          uniq_ijyb
D:4:      layout_loops_cross, nicolae_overflow_two_pavilions,
          nicolae_zen_rock_garden
D:5:      nicolae_cairo_tiling_large_dashed, layout_rooms, lemuel_round_altar,
          chequers_serial_rivers_micro_c, kennysheep_generic_room_16,
          uniq_menkaure
D:6:      wander_river, layout_basic, mainiacjoe_overflow_tiny_flanked
D:7:      layout_basic, minmay_temple_entry_antechambers,
          gammafunk_ghost_necromancy, minmay_a_box_with_orc_wizards_in_it
D:8:      layout_basic, enter_bailey_5, uniq_erica
Bailey:   bailey_polearm_enchanted_keep_hellmonk, bailey

Notes
Turn   | Place    | Note
-------+----------+-------------------------------------------
     0 | D:1      | sanka the Merfolk Transmuter began the quest for the Orb.
     0 | D:1      | Reached XP level 1. HP: 15/15 MP: 3/3
   181 | D:1      | Reached skill level 3 in Transmutations
   293 | D:1      | Found a faded altar of an unknown god.
   429 | D:1      | Prayed at the altar of an unknown god.
   429 | D:1      | Became a worshipper of Ru the Awakened
   458 | D:1      | Gained mutation: You cannot be stealthy. [Ru sacrifice]
   489 | D:1      | Reached XP level 2. HP: 21/21 MP: 5/5
   711 | D:1      | Learned a level 2 spell: Wereblood
   822 | D:1      | Reached skill level 4 in Transmutations
  1219 | D:2      | Reached XP level 3. HP: 26/26 MP: 4/6
  1709 | D:2      | Reached skill level 5 in Transmutations
  2165 | D:3      | Noticed an ogre
  2216 | D:2      | Learned a level 3 spell: Spider Form
  2228 | D:3      | Killed an ogre
  2229 | D:3      | Reached skill level 6 in Transmutations
  2229 | D:3      | Reached XP level 4. HP: 31/32 MP: 4/7
  2229 | D:3      | Reached XP level 5. HP: 36/37 MP: 4/8
  2519 | D:3      | Reached skill level 7 in Transmutations
  2652 | D:3      | Noticed Ijyb
  2674 | D:3      | Gained mutation: You are partially covered in iridescent
                  | scales. (AC +2) [potion of mutation]
  2674 | D:3      | Gained mutation: You are vulnerable to cold. (rC-) [potion
                  | of mutation]
  2674 | D:3      | HP: 2/37 [Ijyb/+0 war axe (3)]
  2675 | D:3      | Killed Ijyb
  2812 | D:3      | Lost mutation: You are vulnerable to cold. (rC-) [potion of
                  | mutation]
  2812 | D:3      | Lost mutation: You are partially covered in iridescent
                  | scales. (AC +2) [potion of mutation]
  2812 | D:3      | Gained mutation: A frigid envelope surrounds you and
                  | freezes all who hurt you. [potion of mutation]
  2812 | D:3      | Gained mutation: Your natural rate of healing is unusually
                  | fast. [potion of mutation]
  2877 | D:3      | Found an ancient bone altar of Kikubaaqudgha.
  2991 | D:3      | Found a burning altar of Makhleb.
  2996 | D:3      | Found a stormy altar of Qazlal.
  3023 | D:3      | Found a sacrificial altar of Ru.
  3027 | D:3      | Found a bloodstained altar of Trog.
  3710 | D:3      | Reached skill level 8 in Transmutations
  3710 | D:3      | Reached XP level 6. HP: 43/43 MP: 3/9
  3794 | D:4      | Reached skill level 3 in Dodging
  3868 | D:4      | Gained mutation: You cannot train Armour skill. [Ru
                  | sacrifice]
  3868 | D:4      | Reached * piety under Ru
  3868 | D:4      | Reached ** piety under Ru
  3971 | D:4      | Noticed a black bear
  3978 | D:4      | Killed a black bear
  3979 | D:4      | Reached skill level 4 in Dodging
  4057 | D:4      | Reached skill level 5 in Dodging
  4218 | D:4      | Reached XP level 7. HP: 48/48 MP: 6/10
  4276 | D:4      | Found a glowing silver altar of Zin.
  4346 | D:4      | Found a shadowy altar of Dithmenos.
  4445 | D:4      | Reached skill level 6 in Dodging
  4466 | D:4      | Reached skill level 2 in Fighting
  4470 | D:4      | Reached skill level 4 in Unarmed Combat
  4765 | D:5      | Entered Level 5 of the Dungeon
  4878 | D:5      | Reached skill level 5 in Unarmed Combat
  5309 | D:5      | Noticed Menkaure
  5324 | D:5      | Killed Menkaure
  5325 | D:5      | Reached skill level 6 in Unarmed Combat
  5325 | D:5      | Reached XP level 8. HP: 16/56 MP: 5/11
  5390 | D:5      | Identified the +9 spear "Yphudamu" {elec, rC+}
  5466 | D:5      | Found a basalt altar of Yredelemnul.
  5631 | D:6      | Identified the +1 war axe of Fokk {protect, rF+ rN+}
  5695 | D:6      | Reached skill level 7 in Unarmed Combat
  5718 | D:6      | Found a shimmering blue altar of Sif Muna.
  5907 | D:6      | Reached skill level 8 in Unarmed Combat
  5942 | D:6      | Reached skill level 9 in Unarmed Combat
  6310 | D:7      | Found a staircase to the Ecumenical Temple.
  6320 | D:7      | Noticed a wyvern
  6328 | D:7      | Killed a wyvern
  6356 | D:7      | Identified the +7 long sword of the Valley of Death {speed,
                  | Str+4 Int+2 Dex-4 SInv}
  6377 | D:7      | Reached skill level 10 in Unarmed Combat
  6377 | D:7      | Reached XP level 9. HP: 53/61 MP: 7/12
  6436 | D:7      | Reached skill level 3 in Fighting
  6534 | D:7      | Gained mutation: You cannot study or use magical devices.
                  | [Ru sacrifice]
  6534 | D:7      | Reached *** piety under Ru
  6534 | D:7      | Reached **** piety under Ru
  6545 | D:7      | Found a runed translucent gate.
  6546 | D:7      | Found a runed translucent gate.
  6547 | D:7      | Found a runed translucent gate.
  6548 | D:7      | Noticed Athor's ghost (novice DECj)
  6724 | D:7      | Reached skill level 4 in Fighting
  7176 | D:8      | Noticed Erica
  7190 | D:8      | Killed Erica
  7191 | D:8      | Reached skill level 6 in Fighting
  7320 | D:8      | Reached skill level 7 in Dodging
  7369 | D:8      | Found a flagged portal.
  7380 | Bailey   | Entered a bailey
  7401 | Bailey   | Reached skill level 7 in Fighting
  7405 | Bailey   | Slain by a spriggan

Vanquished Creatures
  Erica (D:8)
  A wyvern (D:7)
  Menkaure (D:5)
  A black bear (D:4)
  2 orc warriors
  A sky beast (D:7)
  3 ice beasts
  5 ogres
  A centaur (D:6)
  2 phantoms
  A necrophage (D:4)
  A scorpion (D:6)
  A gnoll sergeant (D:6)
  3 killer bees (D:8)
  2 howler monkeys
  2 hounds
  A gnoll bouda (D:8)
  7 orc priests
  Ijyb (D:3)
  4 orc wizards
  12 gnolls
  3 adders
  A white imp (D:5)
  An ufetubus (D:3)
  3 worms
  A dart slug (D:3)
  17 orcs
  7 ball pythons
  6 endoplasms
  A giant cockroach (D:3)
  9 hobgoblins
  2 jackals (D:3)
  3 quokkas (D:3)
  5 bats
  2 frilled lizards (D:1)
  9 goblins
  6 kobolds
  4 rats
133 creatures vanquished.
